BSA
KANSAS CITY KINGS @ BEECH MOUNTAIN MOUNTAINEERS
08/21/2027
 
TOP OF THE 1ST
Kansas City Kings batting - Pitching for Hendersonville Hitmen : RHP Carlos Hernández
Pitching: RHP Carlos Hernández
Batting: RHB Chris Chandler 0-0: SINGLE (Line Drive, 7S)
Batting: LHB Luis González 0-0: Ball
1-0: Ball
2-0: Called Strike
Throwing error on steal attempt, E2
Chris Chandler to third
2-1: Swinging Strike
2-2: Ball
3-2: SINGLE (Groundball, 4MD)
Chris Chandler scores
Batting: RHB Dave Parker 0-0: Foul Ball, location: 2F
0-1: Ball
1-1: Ball
2-1: Grounds into double play, 4-6-3 (Groundball, 4)
Batting: RHB Toshimichi Kono 0-0: Ball
1-0: Foul Ball, location: 2F
1-1: Foul Ball, location: 2F
1-2: SINGLE (Flyball, 7S)
Batting: LHB Ron Crawford 0-0: Ball
1-0: Called Strike
1-1: Foul Ball, location: 2F
1-2: Strikes out looking
Top of the 1st over - 1 run(s), 3 hit(s), 1 error(s), 1 left on base; Kansas City 1 - Hendersonville 0
BOTTOM OF THE 1ST
Hendersonville Hitmen batting - Pitching for Kansas City Kings : LHP Jesús López
Pitching: LHP Jesús López
Batting: RHB Lonson Seals 0-0: Ball
1-0: Ball
2-0: Ball
3-0: Called Strike
3-1: Base on Balls
Batting: RHB Robert Bly 0-0: Ball
1-0: Grounds into double play, 1-6-3 (Groundball, 13)
Batting: RHB Felipe Rivera 0-0: Ball
1-0: Fly out, F8 (Flyball, 8LD)
Bottom of the 1st over - 0 run(s), 0 hit(s), 0 error(s), 0 left on base; Kansas City 1 - Hendersonville 0
TOP OF THE 2ND
Kansas City Kings batting - Pitching for Hendersonville Hitmen : RHP Carlos Hernández
Batting: SHB Douglas Taylor 0-0: Ball
1-0: Called Strike
1-1: Ball
2-1: Bunt for hit - play at first, batter safe!
Batting: LHB Howard Lambert 0-0: Called Strike
0-1: Foul Ball, location: 2F
0-2: Fly out, F6 (Popup, 5D)
Batting: SHB António De La Cruz 0-0: Ball
1-0: Called Strike
1-1: Ball
2-1: Ball
3-1: Foul Ball, location: 2F
3-2: Base on Balls
Douglas Taylor to second
Batting: LHB Bruno Lalonde 0-0: Foul Ball, location: 2F
0-1: Ball
1-1: Called Strike
1-2: Ball
2-2: Ball
3-2: Base on Balls
Douglas Taylor to third
António De La Cruz to second
Batting: RHB Chris Chandler 0-0: Called Strike
0-1: Called Strike
0-2: Ball
1-2: Fielders Choice at 2nd, 6-4 (Groundball, 6)
Douglas Taylor scores
António De La Cruz to third
Pitching: RHP Rafael López
Batting: LHB Luis González 0-0: Called Strike
0-1: Ball
1-1: Called Strike
1-2: Ball
Chris Chandler is caught stealing 2nd base
Top of the 2nd over - 1 run(s), 1 hit(s), 0 error(s), 0 left on base; Kansas City 2 - Hendersonville 0
BOTTOM OF THE 2ND
Hendersonville Hitmen batting - Pitching for Kansas City Kings : LHP Jesús López
Batting: LHB Tony Abete 0-0: Called Strike
0-1: Fly out, F8 (Flyball, 89S)
Batting: RHB Sugita Ito 0-0: Ball
1-0: Ball
2-0: Called Strike
2-1: Called Strike
2-2: Ball
3-2: Fly out, F9 (Flyball, 9)
Batting: RHB Ron Glass 0-0: Called Strike
0-1: Ball
1-1: Ball
2-1: Called Strike
2-2: Foul Ball, location: 2F
2-2: Ball
3-2: Foul Ball, location: 2F
3-2: Foul Ball, location: 2F
3-2: Base on Balls
Batting: LHB Leonard Young 0-0: Called Strike
Ron Glass steals 2nd base
0-1: Ball
1-1: Called Strike
1-2: Foul Ball, location: 2F
1-2: Foul Ball, location: 2F
1-2: Foul Ball, location: 2F
1-2: Ball
2-2: Ball
3-2: Base on Balls
Batting: RHB Jesús Cruz 0-0: Fielders Choice at 2nd, 4-6 (Groundball, 4)
Bottom of the 2nd over - 0 run(s), 0 hit(s), 0 error(s), 1 left on base; Kansas City 2 - Hendersonville 0
TOP OF THE 3RD
Kansas City Kings batting - Pitching for Hendersonville Hitmen : RHP Rafael López
Batting: LHB Luis González 0-0: Ball
1-0: Ball
2-0: Ball
3-0: Base on Balls
Batting: RHB Dave Parker 0-0: Ball
1-0: Swinging Strike
1-1: Ball
2-1: Foul Ball, location: 2F
2-2: Ball
3-2: SINGLE (Line Drive, 6M)
Luis González to second
Batting: RHB Toshimichi Kono 0-0: Ball
1-0: Ball
2-0: Called Strike
2-1: Ball
3-1: Base on Balls
Luis González to third
Dave Parker to second
Batting: LHB Ron Crawford 0-0: Ball
1-0: Ball
2-0: Ball
3-0: Called Strike
3-1: Base on Balls
Luis González scores
Dave Parker to third
Toshimichi Kono to second
Batting: SHB Douglas Taylor 0-0: Ball
1-0: Called Strike
1-1: Called Strike
1-2: Foul Ball, location: 2F
1-2: Ball
2-2: Strikes out swinging
Batting: LHB Howard Lambert 0-0: Ball
1-0: Ball
2-0: Called Strike
2-1: Foul Ball, location: 2F
2-2: Ball
3-2: Fielders Choice at 2nd, 4-6 (Groundball, 34)
Dave Parker scores
Toshimichi Kono to third
Batting: SHB António De La Cruz 0-0: Fielders Choice at 2nd, 4-6 (Groundball, 4)
Top of the 3rd over - 2 run(s), 1 hit(s), 0 error(s), 1 left on base; Kansas City 4 - Hendersonville 0
BOTTOM OF THE 3RD
Hendersonville Hitmen batting - Pitching for Kansas City Kings : LHP Jesús López
Batting: LHB David Monahan 0-0: Called Strike
0-1: Swinging Strike
0-2: Ball
1-2: Strikes out swinging
Batting: RHB Lonson Seals 0-0: Fly out, F1 (Popup, 15)
Batting: RHB Robert Bly 0-0: Called Strike
0-1: Ball
1-1: Ball
2-1: Ball
3-1: SINGLE (Groundball, 4MD)
Batting: RHB Felipe Rivera 0-0: Fielders Choice at 2nd, 5-4 (Groundball, 5L)
Bottom of the 3rd over - 0 run(s), 1 hit(s), 0 error(s), 0 left on base; Kansas City 4 - Hendersonville 0
TOP OF THE 4TH
Kansas City Kings batting - Pitching for Hendersonville Hitmen : RHP Rafael López
Batting: LHB Bruno Lalonde 0-0: Foul Ball, location: 2F
0-1: Ball
1-1: DOUBLE (Flyball, 8LXD)
Batting: RHB Chris Chandler 0-0: Ball
1-0: Ball
2-0: Foul Ball, location: 2F
2-1: SINGLE (Line Drive, 56D)
Bruno Lalonde to third
Batting: LHB Luis González 0-0: Ball
1-0: Called Strike
1-1: 3-RUN HOME RUN (Flyball, 9D), Distance : 414 ft
Pitching: RHP Eric Love
Batting: RHB Dave Parker 0-0: Foul Ball, location: 2F
0-1: Ball
1-1: Ball
2-1: SINGLE (Groundball, 13) (infield hit)
Batting: RHB Toshimichi Kono 0-0: Ball
1-0: Swinging Strike
1-1: Swinging Strike
1-2: Grounds into double play, 6-4-3 (Groundball, 6)
Batting: LHB Ron Crawford 0-0: Ball
1-0: Called Strike
1-1: Foul Ball, location: 2F
1-2: Ball
2-2: Foul Ball, location: 2F
2-2: Ball
3-2: Fly out, F6 (Line Drive, 6M)
Top of the 4th over - 3 run(s), 4 hit(s), 0 error(s), 0 left on base; Kansas City 7 - Hendersonville 0
BOTTOM OF THE 4TH
Hendersonville Hitmen batting - Pitching for Kansas City Kings : LHP Jesús López
Batting: LHB Tony Abete 0-0: Ball
1-0: Called Strike
1-1: Swinging Strike
1-2: Foul Ball, location: 2F
1-2: Ball
2-2: Ball
3-2: Foul Ball, location: 2F
3-2: Foul Ball, location: 2F
3-2: Strikes out swinging
Batting: RHB Sugita Ito 0-0: Ball
1-0: Ball
2-0: Fly out, F7 (Line Drive, 7)
Batting: RHB Ron Glass 0-0: Fly out, F8 (Flyball, 78M)
Bottom of the 4th over - 0 run(s), 0 hit(s), 0 error(s), 0 left on base; Kansas City 7 - Hendersonville 0
TOP OF THE 5TH
Kansas City Kings batting - Pitching for Hendersonville Hitmen : RHP Eric Love
Batting: SHB Douglas Taylor 0-0: Ground out U3 (Groundball, 34)
Batting: LHB Howard Lambert 0-0: Ground out 3-1 (Groundball, 34)
Batting: SHB António De La Cruz 0-0: Called Strike
0-1: Ball
1-1: DOUBLE (Line Drive, 9LS)
Batting: LHB Bruno Lalonde 0-0: Called Strike
0-1: Ball
1-1: Foul Ball, location: 2F
1-2: Ball
2-2: SINGLE (Line Drive, 4D)
António De La Cruz to third
Runner from 3rd tries for Home, SAFE, throw made home
Bruno Lalonde to second
Batting: RHB Chris Chandler 0-0: Called Strike
0-1: Ball
1-1: Foul Ball, location: 2F
1-2: Ball
2-2: Fly out, F6 (Line Drive, 6)
Top of the 5th over - 1 run(s), 2 hit(s), 0 error(s), 1 left on base; Kansas City 8 - Hendersonville 0
BOTTOM OF THE 5TH
Hendersonville Hitmen batting - Pitching for Kansas City Kings : LHP Jesús López
Batting: LHB Leonard Young 0-0: Ball
1-0: Ball
2-0: Foul Ball, location: 2F
2-1: Ball
3-1: Fly out, F9 (Flyball, 9)
Batting: RHB Jesús Cruz 0-0: Ball
1-0: Ground out 4-3 (Groundball, 4)
Batting: LHB David Monahan 0-0: Ball
1-0: SINGLE (Groundball, 34D)
Batting: RHB Lonson Seals 0-0: Ball
1-0: Ball
2-0: Fly out, F9 (Flyball, 9S)
Bottom of the 5th over - 0 run(s), 1 hit(s), 0 error(s), 1 left on base; Kansas City 8 - Hendersonville 0
TOP OF THE 6TH
Kansas City Kings batting - Pitching for Hendersonville Hitmen : RHP Eric Love
Batting: LHB Luis González 0-0: Ball
1-0: Called Strike
1-1: Ground out 6-3 (Groundball, 6S)
Batting: RHB Dave Parker 0-0: Ball
1-0: Called Strike
1-1: Ball
2-1: SINGLE (Line Drive, 8LS)
Batting: RHB Toshimichi Kono 0-0: Ball
1-0: Ball
2-0: SINGLE (Groundball, 34D)
Dave Parker to second
Runner from 2nd tries for 3rd, SAFE, no throw
Batting: LHB Ron Crawford 0-0: Called Strike
0-1: SINGLE (Flyball, 78S)
Dave Parker scores
Toshimichi Kono to second
Batting: SHB Douglas Taylor 0-0: Ball
1-0: Ball
2-0: Ball
3-0: Base on Balls
Toshimichi Kono to third
Ron Crawford to second
Batting: LHB Howard Lambert 0-0: Swinging Strike
0-1: Ground out 4-3 (Groundball, 34D)
Toshimichi Kono scores
Ron Crawford to third
Douglas Taylor to second
Pitching: RHP Pepe Vázquez
Batting: SHB António De La Cruz 0-0: Swinging Strike
0-1: Swinging Strike
0-2: Strikes out swinging
Top of the 6th over - 2 run(s), 3 hit(s), 0 error(s), 2 left on base; Kansas City 10 - Hendersonville 0
BOTTOM OF THE 6TH
Hendersonville Hitmen batting - Pitching for Kansas City Kings : LHP Jesús López
Batting: RHB Robert Bly 0-0: Called Strike
0-1: Called Strike
0-2: Ball
1-2: Foul Ball, location: 2F
1-2: Foul Ball, location: 2F
1-2: Ground out 6-3 (Groundball, 6)
Batting: RHB Felipe Rivera 0-0: Ground out 4-3 (Groundball, 4)
Batting: LHB Tony Abete 0-0: Foul Ball, location: 2F
0-1: Foul Ball, location: 2F
0-2: Ball
1-2: Ground out 4-3 (Groundball, 4)
Bottom of the 6th over - 0 run(s), 0 hit(s), 0 error(s), 0 left on base; Kansas City 10 - Hendersonville 0
TOP OF THE 7TH
Kansas City Kings batting - Pitching for Hendersonville Hitmen : RHP Pepe Vázquez
Batting: LHB Bruno Lalonde 0-0: Called Strike
0-1: Foul Ball, location: 2F
0-2: Ball
1-2: Fly out, F8 (Line Drive, 8LM)
Pinch Hitting: SHB John Miller 0-0: Called Strike
0-1: Ground out 4-3 (Groundball, 4)
Batting: LHB Luis González 0-0: DOUBLE (Line Drive, 89D)
Batting: RHB Dave Parker 0-0: Called Strike
0-1: Swinging Strike
0-2: Foul Ball, location: 2F
0-2: Ball
1-2: Strikes out looking
Top of the 7th over - 0 run(s), 1 hit(s), 0 error(s), 1 left on base; Kansas City 10 - Hendersonville 0
BOTTOM OF THE 7TH
Hendersonville Hitmen batting - Pitching for Kansas City Kings : LHP Jesús López
Now at 2B: John Miller
Batting: RHB Sugita Ito 0-0: SINGLE (Flyball, 78S)
Batting: RHB Ron Glass 0-0: Called Strike
0-1: Foul Ball, location: 2F
0-2: Foul Ball, location: 2F
0-2: Foul Ball, location: 2F
0-2: Ball
1-2: Grounds into double play, 4-6-3 (Groundball, 4)
Batting: LHB Leonard Young 0-0: Fly out, F8 (Flyball, 8RM)
Bottom of the 7th over - 0 run(s), 1 hit(s), 0 error(s), 0 left on base; Kansas City 10 - Hendersonville 0
TOP OF THE 8TH
Kansas City Kings batting - Pitching for Hendersonville Hitmen : RHP Pepe Vázquez
Batting: RHB Toshimichi Kono 0-0: Ball
1-0: Foul Ball, location: 2F
1-1: Ball
2-1: SINGLE (Groundball, 4D)
Batting: LHB Ron Crawford 0-0: Ball
1-0: Ground out U3 (Groundball, 2R)
Toshimichi Kono to second
Batting: SHB Douglas Taylor 0-0: Ball
1-0: Ball
2-0: Called Strike
2-1: Ball
3-1: Called Strike
3-2: Foul Ball, location: 2F
3-2: Base on Balls
Batting: LHB Howard Lambert 0-0: Foul Ball, location: 2F
0-1: Swinging Strike
0-2: Foul Ball, location: 2F
0-2: Strikes out swinging
Batting: SHB António De La Cruz 0-0: Ball
1-0: Ball
2-0: Fielders Choice at 2nd, 6-4 (Groundball, 6)
Top of the 8th over - 0 run(s), 1 hit(s), 0 error(s), 1 left on base; Kansas City 10 - Hendersonville 0
BOTTOM OF THE 8TH
Hendersonville Hitmen batting - Pitching for Kansas City Kings : LHP Jesús López
Batting: RHB Jesús Cruz 0-0: Ball
1-0: Ball
2-0: SINGLE (Line Drive, 78S)
Batting: LHB David Monahan 0-0: Ball
1-0: Fly out, F9 (Flyball, 9S)
Batting: RHB Lonson Seals 0-0: Swinging Strike
0-1: Ball
1-1: Foul Ball, location: 2F
Balk!
Jesús Cruz to second
1-2: Strikes out looking
Batting: RHB Robert Bly 0-0: Ground out 4-3 (Groundball, 4)
Bottom of the 8th over - 0 run(s), 1 hit(s), 0 error(s), 1 left on base; Kansas City 10 - Hendersonville 0
TOP OF THE 9TH
Kansas City Kings batting - Pitching for Hendersonville Hitmen : RHP Pepe Vázquez
Batting: LHB Bruno Lalonde 0-0: Ball
1-0: Ball
2-0: Ball
3-0: Called Strike
3-1: Fly out, F8 (Flyball, 8LM)
Batting: SHB John Miller 0-0: Fly out, F8 (Flyball, 8LM)
Batting: LHB Luis González 0-0: Ground out 4-3 (Groundball, 4)
Top of the 9th over - 0 run(s), 0 hit(s), 0 error(s), 0 left on base; Kansas City 10 - Hendersonville 0
BOTTOM OF THE 9TH
Hendersonville Hitmen batting - Pitching for Kansas City Kings : LHP Jesús López
Batting: RHB Felipe Rivera 0-0: Foul Ball, location: 2F
0-1: Called Strike
0-2: Ball
1-2: Ball
2-2: SINGLE (Line Drive, 7LS)
Pitching: LHP Ignacio Colón
Batting: LHB Tony Abete 0-0: Swinging Strike
0-1: Called Strike
0-2: Ball
1-2: Ball
2-2: Foul Ball, location: 2F
2-2: Strikes out swinging
Batting: RHB Sugita Ito 0-0: Ball
1-0: Ball
2-0: Foul Ball, location: 2F
2-1: Foul Ball, location: 2F
2-2: Strikes out looking
Batting: RHB Ron Glass 0-0: Called Strike
0-1: Ball
1-1: Foul Ball, location: 2F
1-2: Ball
2-2: Strikes out swinging
Bottom of the 9th over - 0 run(s), 1 hit(s), 0 error(s), 1 left on base; Kansas City 10 - Hendersonville 0
Thursday, March 30th, 2017 - OOTP Baseball 17.12 Build 75